Map: Thunderbird LE

Players

Smeeeger - Winner!

  • Race: Zerg Zerg
  • League: Platinum
  • Spawn Location: 11:00

VOD

Have the link to the VOD?

Description

Time

  • Played on: July 26, 2019, 8:10 p.m.
  • Length: 16:44
Show
View Real Time Build Order
Export as new Build Order

Smeeeger Zerg - Winner!

Build Orders:  

Get SALT Encoding   

  12  0:04  Drone  
  13  0:25  Overlord  
  13  0:26  Drone  
  14  0:51  Drone x2  
  16  1:00  Drone  
  17  1:16  Drone  
  18  1:27  Drone  
  18  1:28  Hatchery  
  18  1:36  Extractor  
  17  1:48  Drone  
  17  1:49  Spawning Pool  
  17  1:57  Drone  
  18  2:12  Drone  
  19  2:26  Overlord  
  19  2:54  Queen  
  19  2:55  Zergling x2  
  19  2:56  Zergling x2  
  23  3:08  Queen  
  25  3:10  Zergling x2  
  26  3:26  Drone x2  
  28  3:30  Drone  
  29  3:44  Queen  
  31  3:50  Overlord  
  31  3:51  Drone  
  31  3:58  Queen  
  34  4:01  Drone x2  
  34  4:03  Metabolic Boost  
  34  4:09  Overlord  
  36  4:17  Drone  
  35  4:30  Drone x2  
  35  4:31  Zergling x2  
  35  4:32  Zergling x4  
  40  4:41  Drone  
  40  4:44  Drone x2  
  40  4:45  Drone x2  
  45  4:59  Drone x2  
  47  5:16  Drone  
  47  5:17  Drone x3  
  51  5:22  Extractor  
  50  5:32  Hatchery  
  50  5:39  Drone  
  50  5:41  Drone x2  
  50  5:45  Overlord x3  
  52  5:55  Pneumatized Carapace  
  52  6:04  Extractor  
  52  6:09  Roach Warren, Queen  
  52  6:11  Evolution Chamber  
  52  6:14  Zergling x2  
  52  6:15  Zergling x6  
  51  6:33  Zergling x6  
  51  6:34  Zergling x6  
  53  6:50  Zergling x4  
  53  7:04  Zerg Missile Weapons Level 1  
  53  7:07  Drone  
  53  7:08  Drone x2  
  53  7:09  Drone  
  57  7:12  Overlord  
  57  7:19  Zergling x4  
  54  7:24  Queen  
  55  7:34  Roach x3  
  61  7:59  Lair  
  61  8:06  Drone x8  
  69  8:15  Drone x2  
  69  8:17  Hatchery, Extractor  
  69  8:20  Spore Crawler  
  69  8:21  Spore Crawler, Drone  
  69  8:22  Drone  
  69  8:42  Drone x2  
  69  8:43  Drone  
  69  8:44  Drone  
  69  8:45  Drone x3  
  69  8:46  Overlord  
  76  9:10  Drone x3  
  76  9:11  Drone x2  
  76  9:12  Overlord x2  
  76  9:13  Overlord  
  57  9:20  Glial Reconstitution  
  81  9:23  Roach x4  
  81  9:26  Zergling x2  
  90  9:32  Extractor  
  90  9:34  Spore Crawler, Drone  
  90  9:35  Drone x2, Extractor  
  90  9:46  Zerg Missile Weapons Level 2  
  90  9:57  Hydralisk Den  
  89  10:08  Roach x8  
  105  10:18  Hatchery  
  109  10:37  Evolution Chamber  
  108  10:53  Overlord x2  
  108  10:54  Overlord  
  108  10:55  Hydralisk x6  
  120  11:14  Overseer  
  120  11:18  Drone  
  120  11:19  Drone  
  122  11:22  Drone x2  
  122  11:26  Drone x4  
  122  11:27  Drone x5  
  122  11:28  Drone x3  
  136  11:40  Hydralisk x2  
  136  11:46  Zerg Ground Armor Level 1  
  140  11:58  Hydralisk  
  140  11:59  Hydralisk x4  
  150  12:03  Overlord x3  
  150  12:04  Overlord  
  150  12:17  Queen  
  145  12:29  Zergling x8  
  76  12:30  Unknown, Zergling x26  
  126  12:31  Zergling x2  
  135  12:41  Drone x3  
  135  12:44  Extractor  
  135  12:45  Extractor  
  135  12:48  Drone x3  
  139  12:52  Drone  
  139  12:53  Drone x2  
  142  13:00  Overlord  
  142  13:02  Overlord x2  
  142  13:13  Infestation Pit  
  131  13:31  Hydralisk x4  
  131  13:32  Hydralisk x6  
  131  13:33  Hydralisk  
  153  13:40  Hatchery, Zerg Melee Weapons Level 1  
  139  14:10  Unknown, Hydralisk x7  
  139  14:11  Hydralisk x6  
  164  14:50  Hydralisk  
  164  14:52  Hydralisk x7  
  164  14:53  Hydralisk x7  
Tags
 
Add a new tag
Caveats
  • Supply blocks, unpowered buildings, or Contaminate may cause inaccurate times.
  • Supply counts are checked every 10 seconds.